 Dungeon Crawl Stone Soup version 0.31-a0-193-gdfe2569204 (webtiles) character file.

Game seed: 3936361470044996946

2205 qw the Skirmisher (level 9, -8/51 HPs)
             Began as a Deep Elf Hunter on June 24, 2023.
             Killed from afar by a gargoyle (12 damage)
             ... with a stone arrow
             ... on level 7 of the Dungeon.
             The game lasted 00:02:53 (5577 turns).

qw the Skirmisher (Deep Elf Hunter)                 Turns: 5577, Time: 00:02:53

Health: -8/51      AC: 11    Str: 12    XL:     9   Next: 12%
Magic:  0/11       EV: 13    Int: 15    God:
Gold:   417        SH:  0    Dex: 18    Spells: 8/8 levels left

rFire   . . .        Y - +0 orcbow
rCold   + . .        (shield currently unavailable)
rNeg    . . .        n - +0 ring mail {rC+}
rPois   .            o - +2 helmet {SInv}
rElec   .            (no cloak)
rCorr   .            b - +2 pair of gloves
SInv    +            (no boots)
Will    .....        i - amulet of guardian spirit
Stlth   +            (no ring)
HPRegen 0.28/turn    (no ring)
MPRegen 0.12/turn

%: guardian spirit
@: about to teleport
A: no striking features
a: no special abilities


You were on level 7 of the Dungeon.
You visited 2 branches of the dungeon, and saw 8 of its levels.
You also visited: Sewer.

You collected 417 gold pieces.


   Skills:
 - Level 3.2 Fighting
 + Level 14.4 Ranged Weapons
 - Level 1.8 Armour
 - Level 5.3 Dodging
 - Level 1.2 Stealth


You had 8 spell levels left.
You didn't know any spells.
Your spell library was empty.

Inventory:

Hand Weapons
 Y - a +0 orcbow (weapon)
Armour
 b - a +2 pair of gloves (worn)
 n - a +0 ring mail of cold resistance (worn)
 o - a +2 helmet of see invisible (worn)
Jewellery
 i - an amulet of guardian spirit (around neck)
Scrolls
 c - 2 scrolls of teleportation
 m - a scroll of identify
Potions
 a - a potion of ambrosia {unknown}
 d - a potion of resistance {unknown}
 e - a potion of haste
 f - a potion of magic {unknown}
 g - 2 potions of curing
 h - a potion of degeneration {unknown}
 j - 5 potions of enlightenment
 k - a potion of berserk rage {unknown}
 l - a potion of mutation {unknown}
 p - a potion of cancellation {unknown}

Dungeon Overview and Level Annotations

Branches:
Dungeon (7/15)             Temple (1/1) D:5           Sewer (visited)

Altars:
Ashenzari
Cheibriados
Dithmenos
Elyvilon
Fedhas
Gozag
Kikubaaqudgha
Makhleb
Nemelex Xobeh
Qazlal
Ru
Sif Muna
Trog
Uskayaw
Vehumet
Wu Jian
Xom
Yredelemnul
Zin
The Shining One

Shops:
D:5 :

Annotations:
D:5 3 runed translucent doors, exclusion: oklob sapling, qw's ghost, amateur GrHu


Message History

You shoot an arrow. The arrow hits the gargoyle!
The gargoyle is severely damaged.
You shoot an arrow. The arrow closely misses the gargoyle.
The gargoyle closely misses you.
You shoot an arrow.
The arrow hits the gargoyle but does no damage.
The gargoyle is severely damaged.
The gargoyle hits you with a +0 mace.
You shoot an arrow.
The arrow hits the gargoyle but does no damage.
The gargoyle is severely damaged.
The gargoyle hits you but does no damage.
You shoot an arrow.
The arrow hits the gargoyle but does no damage.
The gargoyle is severely damaged.
You shoot an arrow.
The arrow hits the gargoyle but does no damage.
The gargoyle is severely damaged.
The gargoyle hurls a stone arrow at you.
The stone arrow hits you!
You shoot an arrow.
The arrow hits the gargoyle but does no damage.
The gargoyle is severely damaged.
The gargoyle hits you with a +0 mace!
You shoot an arrow. The arrow hits the gargoyle!
The gargoyle is almost destroyed.
The gargoyle hits you with a +0 mace!
5575 ||| READING 3 scrolls of teleportation.
As you read the scroll of teleportation, it crumbles to dust.
You feel strangely unstable.
The gargoyle hurls a stone arrow at you.
The stone arrow misses you.
You shoot an arrow. The arrow barely misses the gargoyle.
The gargoyle barely misses you.
You shoot an arrow.
The arrow hits the gargoyle but does no damage.
The gargoyle is almost destroyed.
The gargoyle hurls a stone arrow at you.
The stone arrow hits you!
You die...

# ##### ..
#...#### .?.
#.<....# ....
#......# .....
#......#
....[.#......#
......9@.....#
..#..######+##
#


You could see a gargoyle.

Vanquished Creatures
  A steam dragon (D:6)
  2 water moccasins
  A sky beast (D:6)
  A black bear (D:6)
  An orc warrior (D:6)
  2 ice beasts
  An ogre (D:4)
  A centaur (D:6)
  A phantom (D:5)
  A kobold brigand (D:4)
  A scorpion (D:4)
  6 wights (D:6)
  A jelly (D:3)
  4 hounds
  A gnoll bouda (D:6)
  4 iguanas
  A sleepcap (D:6)
  4 orc wizards
  A sickly merfolk siren (Sewer)
  A malarious merfolk avatar (Sewer)
  A gnoll (D:1)
  7 adders
  3 river rats (Sewer)
  6 shadow imps
  2 white imps
  2 ufetubi
  3 worms
  3 dart slugs
  12 orcs
  6 bats
  5 endoplasms
  18 giant cockroaches
  3 goblins
  A hobgoblin (D:4)
  5 quokkas
  16 ball pythons
  8 frilled lizards
  7 kobolds
  24 rats
168 creatures vanquished.

Notes
Turn   | Place    | Note
-------+----------+-------------------------------------------
     0 | D:1      | qw the Deep Elf Hunter began the quest for the Orb.
     0 | D:1      | Reached XP level 1. HP: 12/12 MP: 3/3
     0 | D:1      | 0 ||| qw: Version: 0.3-a-9-g12657ce
     0 | D:1      | 0 ||| qw: Game counter: 4655
     0 | D:1      | 0 ||| qw: Always use a shield: true
     0 | D:1      | 0 ||| qw: God list: Okawaru
     0 | D:1      | 0 ||| qw: Allow faded altars: false
     0 | D:1      | 0 ||| qw: Do Orc after D:15 true
     0 | D:1      | 0 ||| qw: Do second Lair branch before Depths: true
     0 | D:1      | 0 ||| qw: Lair rune preference: random
     0 | D:1      | 0 ||| qw: Plans: Normal
     0 | D:1      | 0 ||| PLANNING D:1-11
    29 | D:1      | Reached skill level 6 in Ranged Weapons
    29 | D:1      | Reached XP level 2. HP: 11/16 MP: 4/4
    30 | D:1      | HP: 4/16 [frilled lizard (3)]
   394 | D:1      | 394 ||| UPGRADING to +0 scale mail.
   404 | D:1      | 404 ||| DROPPING +0 leather armour.
   405 | D:1      | 405 ||| READING 3 scrolls labelled VOCOECS MYZEG.
   408 | D:1      | 408 ||| READING scroll labelled OBRONK DARAFIUNU.
   409 | D:1      | 409 ||| DROPPING scroll of butterflies.
   445 | D:2      | Reached XP level 3. HP: 20/20 MP: 5/5
   748 | D:2      | 748 ||| UPGRADING to +2 pair of gloves.
   753 | D:2      | 753 ||| UPGRADING to +0 ring mail.
   763 | D:2      | 763 ||| DROPPING +0 scale mail.
   764 | D:2      | 764 ||| DROPPING +2 robe of positive energy.
   765 | D:2      | 765 ||| UPGRADING to +0 ring mail of cold resistance.
   775 | D:2      | 775 ||| DROPPING +0 ring mail.
   776 | D:2      | 776 ||| UPGRADING to +2 helmet of see invisible.
   781 | D:2      | 781 ||| READING scroll labelled JEL WIORCH.
   782 | D:2      | 782 ||| READING 2 scrolls labelled MAUMED RIC EPEHET.
   783 | D:2      | 783 ||| READING scroll labelled GODGHU JUISTRO.
   784 | D:2      | 784 ||| DRINKING 2 murky grey potions.
   785 | D:2      | 785 ||| DROPPING potion of attraction.
   786 | D:2      | 786 ||| DROPPING scroll of fog.
   820 | D:3      | Reached skill level 7 in Ranged Weapons
   820 | D:3      | Reached XP level 4. HP: 25/25 MP: 6/6
   934 | D:3      | 934 ||| READING scroll of enchant weapon.
   934 | D:3      | 934 ||| ENCHANTING +1 shortbow.
  1068 | D:3      | Reached skill level 8 in Ranged Weapons
  1197 | D:3      | Found a sparkling altar of Nemelex Xobeh.
  1198 | D:3      | Found an opulent altar of Gozag.
  1606 | D:3      | 1606 ||| UPGRADING to amulet of guardian spirit.
  1611 | D:3      | 1611 ||| READING scroll labelled NIOGEOR HUWI.
  1612 | D:3      | 1612 ||| READING scroll labelled JOABLU FOPA.
  1630 | D:4      | Found a broken altar of Ashenzari.
  1635 | D:4      | Reached XP level 5. HP: 29/29 MP: 7/7
  1692 | D:4      | Reached skill level 9 in Ranged Weapons
  1697 | D:4      | Reached XP level 6. HP: 14/36 MP: 5/8
  1701 | D:4      | HP: 9/36 [poisoned by a scorpion]
  1702 | D:4      | 1702 ||| READING 2 scrolls of teleportation.
  1823 | D:4      | Reached skill level 1 in Armour
  1874 | D:4      | Found an ornate altar of the Wu Jian Council.
  2139 | D:4      | 2139 ||| READING 2 scrolls of enchant weapon.
  2139 | D:4      | 2139 ||| ENCHANTING +2 shortbow.
  2140 | D:4      | 2140 ||| READING scroll of enchant weapon.
  2140 | D:4      | 2140 ||| ENCHANTING +3 shortbow.
  2742 | D:4      | 2742 ||| READING scroll labelled WIMUMO MOIXEQI.
  2743 | D:4      | 2743 ||| DRINKING 2 glowing puce potions.
  2760 | D:4      | 2760 ||| DRINKING 2 inky potions.
  2761 | D:4      | 2761 ||| DRINKING 2 blue potions.
  2762 | D:4      | 2762 ||| DROPPING potion of lignification.
  2770 | D:5      | Entered Level 5 of the Dungeon
  2770 | D:5      | Found Gelur's Book Shop.
  2771 | D:5      | 2771 ||| PLANNING SEWER
  2776 | D:5      | Noticed a water moccasin
  2788 | D:5      | HP: 9/36 [poisoned by a water moccasin]
  2789 | D:5      | 2789 ||| READING scroll of teleportation.
  2789 | D:5      | HP: 4/36 [poisoned by a water moccasin]
  2790 | D:5      | 2790 ||| DRINKING potion of heal wounds.
  2842 | D:5      | Killed a water moccasin
  2843 | D:5      | Reached skill level 10 in Ranged Weapons
  2843 | D:5      | Reached XP level 7. HP: 32/40 MP: 9/9
  2884 | D:5      | Found a runed translucent gate.
  2884 | D:5      | Found a runed translucent gate.
  2884 | D:5      | Found a runed translucent gate.
  2887 | D:5      | Noticed qw's ghost (amateur GrHu)
  2936 | D:5      | Reached skill level 3 in Dodging
  2978 | D:5      | Found a glowing drain.
  2986 | D:5      | 2986 ||| DRINKING 2 metallic blue potions.
  2987 | D:5      | 2987 ||| DROPPING potion of brilliance.
  2998 | Sewer    | Entered a sewer
  3000 | Sewer    | 3000 ||| Stepping ~*~*~tactically~*~*~ (water).
  3002 | Sewer    | 3002 ||| Stepping ~*~*~tactically~*~*~ (water).
  3140 | Sewer    | Reached skill level 11 in Ranged Weapons
  3196 | Sewer    | 3196 ||| Stepping ~*~*~tactically~*~*~ (water).
  3385 | D:5      | 3385 ||| PLANNING D:1-11
  3430 | D:5      | Found a staircase to the Ecumenical Temple.
  3431 | D:5      | 3431 ||| PLANNING TEMPLE
  3431 | D:5      | 3431 ||| Stepping ~*~*~tactically~*~*~ (water).
  3443 | D:5      | 3443 ||| FLEEEEING.
  3449 | D:5      | 3449 ||| FLEEEEING.
  3499 | D:5      | HP: 7/40 [oklob sapling/splash of acid (6)]
  3500 | Temple   | Entered the Ecumenical Temple
  3712 | Temple   | 3712 ||| PLANNING D:1-11
  3834 | D:5      | 3834 ||| Stepping ~*~*~tactically~*~*~ (outnumbered).
  3842 | D:5      | Reached skill level 12 in Ranged Weapons
  3969 | D:5      | 3969 ||| DRINKING 2 smoky emerald potions.
  4013 | D:6      | Reached XP level 8. HP: 45/45 MP: 10/10
  4051 | D:6      | Reached skill level 3 in Fighting
  4169 | D:6      | 4169 ||| FLEEEEING.
  4170 | D:6      | 4170 ||| FLEEEEING.
  4171 | D:6      | 4171 ||| FLEEEEING.
  4172 | D:6      | 4172 ||| FLEEEEING.
  4173 | D:6      | 4173 ||| FLEEEEING.
  4174 | D:6      | 4174 ||| FLEEEEING.
  4186 | D:6      | 4186 ||| FLEEEEING.
  4188 | D:6      | 4188 ||| FLEEEEING.
  4189 | D:6      | 4189 ||| FLEEEEING.
  4190 | D:6      | 4190 ||| FLEEEEING.
  4191 | D:6      | 4191 ||| FLEEEEING.
  4192 | D:6      | 4192 ||| FLEEEEING.
  4196 | D:6      | 4196 ||| FLEEEEING.
  4197 | D:6      | 4197 ||| FLEEEEING.
  4198 | D:6      | 4198 ||| FLEEEEING.
  4199 | D:6      | 4199 ||| FLEEEEING.
  4200 | D:6      | 4200 ||| FLEEEEING.
  4203 | D:6      | 4203 ||| FLEEEEING.
  4204 | D:6      | 4204 ||| FLEEEEING.
  4205 | D:6      | 4205 ||| FLEEEEING.
  4206 | D:6      | 4206 ||| STAIRDANCE
  4245 | D:5      | 4245 ||| READING scroll labelled VYASAJO RINT.
  4401 | D:6      | Reached skill level 13 in Ranged Weapons
  4542 | D:6      | 4542 ||| Stepping ~*~*~tactically~*~*~ (cloud).
  4557 | D:6      | 4557 ||| Stepping ~*~*~tactically~*~*~ (cloud).
  4685 | D:6      | 4685 ||| SWAPPING to +0 orcbow.
  4686 | D:6      | 4686 ||| DROPPING +4 shortbow.
  4812 | D:6      | Reached skill level 14 in Ranged Weapons
  4819 | D:6      | HP: 7/46 [orc warrior/+0 glaive (12)]
  4820 | D:6      | 4820 ||| READING 4 scrolls of teleportation.
  4875 | D:6      | 4875 ||| FLEEEEING.
  4880 | D:6      | 4880 ||| FLEEEEING.
  4881 | D:6      | 4881 ||| FLEEEEING.
  4882 | D:6      | 4882 ||| FLEEEEING.
  4883 | D:6      | 4883 ||| FLEEEEING.
  4884 | D:6      | 4884 ||| FLEEEEING.
  4885 | D:6      | 4885 ||| FLEEEEING.
  4890 | D:6      | 4890 ||| FLEEEEING.
  4891 | D:6      | 4891 ||| FLEEEEING.
  4892 | D:6      | 4892 ||| FLEEEEING.
  4893 | D:6      | 4893 ||| FLEEEEING.
  4899 | D:6      | 4899 ||| FLEEEEING.
  4900 | D:6      | 4900 ||| STAIRDANCE
  4990 | D:5      | 4990 ||| READING scroll labelled KEHY LOIMIMM.
  5142 | D:6      | Reached XP level 9. HP: 49/51 MP: 11/11
  5459 | D:6      | 5459 ||| READING scroll labelled UBUNLUMIRY.
  5461 | D:6      | 5461 ||| Stepping ~*~*~tactically~*~*~ (cloud).
  5561 | D:7      | Noticed a gargoyle
  5574 | D:7      | HP: 4/51 [gargoyle/+0 mace (13)]
  5575 | D:7      | 5575 ||| READING 3 scrolls of teleportation.
  5577 | D:7      | Killed from afar by a gargoyle

Levels and vault maps discovered:
D:1:      lemuel_arrival_broad_hall, layout_basic
D:2:      layout_rooms
D:3:      minmay_roachtagon, layout_basic, grunt_temple_overflow_opulence
D:4:      layout_layer_cave, nicolae_wu_jian_wuxing_cycle, lemuel_crystal_altar
D:5:      layout_rooms, minmay_temple_entry_oklob, serial_shops, shop, shop,
          gammafunk_ghost_split, cheibrodos_sewer_entry_sluice, serial_demonic,
          serial_demonic_a, serial_demonic_e, serial_demonic_g,
          serial_demonic_g, serial_demonic_c
D:6:      layout_loops_ring, grunt_tough_drop
D:7:      layout_gridville, serial_shops, nicolae_shop_statue_plus
Temple:   nicolae_temple_superstar

Skill      XL: |  1  2  3  4  5  6  7  8  9 |
---------------+----------------------------+-----
Ranged Weapons | 6 7 8 9 10 12 14 | 14.4
Fighting       | 2 3 |  3.2
Armour         | 1 |  1.8
Dodging        | 3 4 5 |  5.3
Stealth        | |  1.2

Action                     |  1- 3 |  4- 6 |  7- 9 || total
---------------------------+-------+-------+-------++-------
   Fire: Shortbow          |    81 |   154 |   275 ||   510
         Orcbow            |       |       |    81 ||    81
    Use: Scroll            |     5 |     8 |     5 ||    18
         Potion            |     1 |     4 |     2 ||     7
 Armour: Leather armour    |     4 |       |       ||     4
         Scale mail        |    12 |       |       ||    12
         Ring mail         |     3 |    58 |    35 ||    96
  Dodge: Dodged            |    16 |    63 |    67 ||   146

Table legend:
 A = Non-vault XP
 B = Vault XP
 C = Vault XP percentage of total XP
 D = Non-vault monster count
 E = Vault monster count
 F = Vault count percentage of total count
                 A         B        C        D         E       F
            +---------+---------+-------+---------+---------+-------
      Total |    2557 |     594 |  18.9 |     106 |      62 |  36.9
            +---------+---------+-------+---------+---------+-------
        D:1 |      40 |       0 |   0.0 |      17 |       0 |   0.0
        D:2 |      14 |       0 |   0.0 |      11 |       0 |   0.0
        D:3 |     101 |      24 |  19.2 |      18 |      12 |  40.0
        D:4 |     434 |       0 |   0.0 |      24 |       0 |   0.0
        D:5 |     574 |      60 |   9.5 |      14 |       7 |  33.3
        D:6 |    1394 |     357 |  20.4 |      22 |       5 |  18.5
      Sewer |       0 |     153 | 100.0 |       0 |      38 | 100.0
            +---------+---------+-------+---------+---------+-------
